 Dungeon Crawl Stone Soup version 0.30-a0-715-gdb4ae3ece1 (webtiles) character file.

Game seed: 5520004395325137204

446 brightshaft the Digger (level 7, -5/37 HPs)
             Began as a Gargoyle Earth Elementalist on Jan 23, 2023.
             Was an Initiate of Vehumet.
             Slain by an orc warrior
             ... wielding a +0 battleaxe
              (14 damage)
             ... on level 3 of the Dungeon.
             The game lasted 00:06:09 (2412 turns).

brightshaft the Digger (GrEE)                       Turns: 2412, Time: 00:06:10

Health: -5/37      AC:  6    Str: 12    XL:     7   Next: 3%
Magic:  1/12       EV: 11    Int: 17    God:    Vehumet [......]
Gold:   167        SH:  0    Dex: 10    Spells: 9/13 levels left

rFire   . . .      SeeInvis .    c - +0 whip
rCold   . . .      Faith    .    (no shield)
rNeg    + . .      Spirit   .    a - +0 robe
rPois   ∞          Reflect  .    (no helmet)
rElec   +          Harm     .    (no cloak)
rCorr   .          Rampage  .    (no gloves)
Will    .....                    (no boots)
Stlth   ++                       (no amulet)
HPRegen 0.26/turn                (no ring)
MPRegen 0.13/turn                (no ring)

@: no status effects
A: sickness immunity, AC +4, negative energy resistance 1, electricity
resistance, torment resistance 1, petrification resistance
a: Renounce Religion


You were on level 3 of the Dungeon.
You worshipped Vehumet.
Vehumet was noncommittal.
You visited 1 branch of the dungeon, and saw 4 of its levels.

You collected 167 gold pieces.

Inventory:

Hand Weapons
 c - a +0 whip (weapon)
Armour
 a - a +0 robe (worn)
 h - a +0 leather armour
 i - an orb of energy
Jewellery
 l - a ring of positive energy
Scrolls
 d - 2 scrolls of enchant armour {unknown}
 e - 4 scrolls of identify {unknown}
 g - a scroll of amnesia {unknown}
 k - a scroll of silence {unknown}
 p - a scroll of immolation {unknown}
 q - a scroll of blinking {unknown}
Potions
 b - 2 potions of magic
 f - a potion of degeneration {unknown}
 j - a potion of heal wounds {unknown}
 m - a potion of mutation {unknown}
 n - 2 potions of flight {unknown}
 o - a potion of haste {unknown}
 r - a potion of attraction {unknown}


   Skills:
 * Level 0.4 Fighting
 - Level 1.5 Dodging
 - Level 2.1 Stealth
 + Level 3.7 Spellcasting
 + Level 3.1 Conjurations
 - Level 1.0 Transmutations
 * Level 7.1 Earth Magic


You had 9 spell levels left.
You knew the following spells:

 Your Spells              Type           Power      Damage    Failure   Level
a - Sandblast             Erth           54%        2d13      1%          1
b - Stone Arrow           Conj/Erth      40%        3d9       6%          3

Your spell library contained the following spells:

 Spells                   Type           Power      Damage    Failure   Level
 Passwall                 Tmut/Erth      14%        N/A       4%          2
 Petrify                  Tmut/Erth      17%        N/A       30%         4


Dungeon Overview and Level Annotations

Branches:
Dungeon (4/15)
 Temple: D:4-7

Altars:
Cheibriados
Hepliaklqana
Vehumet

Shops:
D:3 ?

Annotations:
D:3 2 transporters, BigDaddyOpFi's ghost, amateur OpIE


Innate Abilities, Weirdness & Mutations

You are immune to sickness and miasma.
Your stone body is resilient. (AC +4)
You are immune to poison.
You resist negative energy. (rN+)
You are resistant to electric shocks. (rElec)
You are resistant to unholy torment.
You are immune to petrification.


Message History

The stone arrow misses the orc warrior.
The ball python misses you. The ball python grabs you.
The ball python constricts you.
The orc warrior hits you with a +0 battleaxe!
Casting: Stone Arrow (dangerous; 6% risk of failure)
Confirm with . or Enter, or press ? or * to list all spells.
You don't have enough magic to cast this spell.
Unknown command.
Aiming: Sandblast (safe; 1% risk of failure)
Press: ? - help, Q - select action, (/) - cycle Shift-Dir - straight line, f/p - orc warrior
Aim: an orc warrior, wielding a +0 battleaxe and wearing a +0 plate armour (83% to hit)
The blast of sand hits the orc warrior but does no damage.
The ball python bites you but does no damage.
The ball python constricts you.
The orc warrior hits you with a +0 battleaxe!
The ball python closely misses you. The ball python constricts you.
The orc warrior barely misses you.
Aiming: Sandblast (safe; 1% risk of failure)
Press: ? - help, Q - select action, (/) - cycle Shift-Dir - straight line, f/p - orc warrior
Aim: an orc warrior, wielding a +0 battleaxe and wearing a +0 plate armour (83% to hit)
The blast of sand hits the orc warrior but does no damage.
The ball python barely misses you. The ball python constricts you.
The orc warrior hits you with a +0 battleaxe!
* * * LOW HITPOINT WARNING * * *
The ball python closely misses you. The ball python constricts you.
You escape the ball python's grasp.
There is a stone staircase leading up here.
The orc warrior hits you but does no damage.
You climb upwards.
Level annotation: 2 transporters, BigDaddyOpFi's ghost, amateur OpIE
There is a stone staircase leading down here.
Casting: Sandblast (safe; 1% risk of failure)
Confirm with . or Enter, or press ? or * to list all spells.
You don't have enough magic to cast this spell.
Aiming: Sandblast (safe; 1% risk of failure)
Press: ? - help, Q - select action, (/) - cycle Shift-Dir - straight line, f - orc warrior
Aim: an orc warrior, wielding a +0 battleaxe and wearing a +0 plate armour (83% to hit)
The blast of sand hits the orc warrior.
The orc warrior is moderately wounded.
The orc warrior hits you with a +0 battleaxe!
You die...

..##...+..# #.#..#
...#...#..# #.#..#
..##...#..####.#..##########
.##........................#
##.....#....###...##########
...#...#..#)......#
.###...#.....##...#
.....###.(##.##...#
####+###........@.#
..........##.##o###
.................#
..........########
..........# .........##
########.# # ###<# # #>..#


You could see an orc warrior.

Vanquished Creatures
  Sigmund (D:2)
  A scorpion (D:2)
  Jessica (D:2)
  Terence (D:2)
  6 adders
  3 gnolls (D:3)
  2 dart slugs
  6 orcs (D:3)
  8 ball pythons
  9 endoplasms
  5 giant cockroaches
  3 goblins
  5 hobgoblins
  7 kobolds
  5 quokkas
  6 bats (D:3)
  4 frilled lizards
  4 rats
77 creatures vanquished.

Vanquished Creatures (others)
  6 plants (D:4)
6 creatures vanquished.

Grand Total: 83 creatures vanquished

Notes
Turn   | Place    | Note
-------+----------+-------------------------------------------
     0 | D:1      | brightshaft the Gargoyle Earth Elementalist began the quest
                  | for the Orb.
     0 | D:1      | Reached XP level 1. HP: 10/10 MP: 3/3
    51 | D:1      | Reached skill level 1 in Transmutations
    86 | D:1      | Reached XP level 2. HP: 15/15 MP: 3/5
   129 | D:1      | Reached skill level 4 in Earth Magic
   413 | D:1      | Reached XP level 3. HP: 11/19 MP: 4/6
   783 | D:1      | Learned a level 3 spell: Stone Arrow
   801 | D:2      | Noticed a scorpion
   810 | D:2      | Killed a scorpion
   811 | D:2      | Reached skill level 1 in Conjurations
   811 | D:2      | Reached skill level 5 in Earth Magic
   811 | D:2      | Reached XP level 4. HP: 6/24 MP: 0/8
   887 | D:2      | Found a hazy altar of Hepliaklqana.
  1089 | D:2      | Noticed Sigmund
  1093 | D:2      | Killed Sigmund
  1094 | D:2      | Reached skill level 6 in Earth Magic
  1094 | D:2      | Reached XP level 5. HP: 16/28 MP: 4/10
  1094 | D:2      | Reached XP level 6. HP: 19/32 MP: 4/11
  1188 | D:2      | Noticed Jessica
  1191 | D:2      | Killed Jessica
  1191 | D:2      | Noticed Terence
  1200 | D:2      | Killed Terence
  1613 | D:3      | Found Pinidgh's Magic Scroll Emporium.
  1741 | D:3      | Found a transporter.
  1775 | D:3      | Reached skill level 7 in Earth Magic
  1873 | D:3      | Found a snail-covered altar of Cheibriados.
  2090 | D:3      | Found a transporter.
  2153 | D:3      | Found a radiant altar of Vehumet.
  2247 | D:3      | Noticed BigDaddyOpFi's ghost (amateur OpIE)
  2274 | D:3      | Became a worshipper of Vehumet
  2398 | D:4      | Noticed an orc warrior
  2400 | D:4      | Reached XP level 7. HP: 36/36 MP: 10/12
  2412 | D:3      | Slain by an orc warrior

Illustrated notes

Levels and vault maps discovered:
D:1:      shiori_arrival_maze, layout_rooms
D:2:      layout_rooms, basic_altar, minmay_misc_feat_secret_circle,
          uniq_jessica, uniq_terence, uniq_sigmund
D:3:      layout_basic, nicolae_overflow_crystal_walls,
          mainiacjoe_overflow_paths, gammafunk_ghost_stat_death, serial_shops,
          nicolae_diamond_shop, grunt_ministairs_2, serial_bayou_pond_d,
          item_on_display_a
D:4:      layout_loops_ring, serial_bayou_ford_a, chequers_big_river,
          nicolae_elemental_shop, minmay_bisected

Skill      XL: |  1  2  3  4  5  6 |
---------------+-------------------+-----
Transmutations | 1 |  1.0
Earth Magic    | 4 5 6 7 |  7.1
Conjurations   | 1 2 3 |  3.1
Spellcasting   | 3 |  3.7
Fighting       | |  0.4
Dodging        | |  1.5
Stealth        | |  2.1

Action                     |  1- 3 |  4- 6 |  7- 9 || total
---------------------------+-------+-------+-------++-------
  Melee: Whip              |       |    29 |       ||    29
   Cast: Sandblast         |    40 |    68 |     5 ||   113
         Stone Arrow       |       |     3 |     2 ||     5
   Stab: Sleeping          |       |     1 |       ||     1
 Armour: Robe              |     4 |    35 |     5 ||    44
  Dodge: Dodged            |    19 |    52 |    13 ||    84

Table legend: (Time is in decaauts)
 A = Elapsed time spent in this place.
 B = Non-inter-level travel time spent in this place.
 C = Inter-level travel time spent in this place.
 D = Time resting spent in this place.
 E = Time spent auto-exploring this place.
 F = Levels seen in this place.
 G = Mean time per level.
                   A        B        C        D        E       F      G
               +--------+--------+--------+--------+--------+-----+--------+
         Total |   2471 |   2343 |    128 |      0 |   1858 |   4 |  617.8 |
       Dungeon |   2471 |   2343 |    128 |      0 |   1858 |   4 |  617.8 |
               +--------+--------+--------+--------+--------+-----+--------+

Top non-repeatable levels by time:
     D:3: 856 daAuts
     D:1: 811 daAuts
     D:2: 733 daAuts
     D:4: 70 daAuts
